 Dungeon Crawl Stone Soup version 0.28-a0-730-g892d06dc2c (webtiles) character file.

Game seed: 5108289136479537603

5 spiderkeys the Skirmisher (level 1, -1/14 HPs)
             Began as a Kobold Abyssal Knight on Oct 28, 2021.
             Was a Follower of Lugonu.
             Slain by a fire bat (4 damage)
             ... on level 3 of the Abyss.
             The game lasted 00:00:40 (141 turns).

spiderkeys the Skirmisher (Kobold Abyssal Knight)    Turns: 141, Time: 00:00:41

Health: -1/14      AC:  3    Str: 10    XL:     1   Next: 88%
Magic:  2/2        EV: 14    Int: 11    God:    Lugonu [*.....]
Gold:   34         SH:  0    Dex: 15    Spells: 0/0 levels left

rFire   . . .      SeeInvis .   a - +1 short sword
rCold   . . .      Faith    .   (shield restricted)
rNeg    . . .      Spirit   .   b - +0 leather armour
rPois   .          Reflect  .   (no helmet)
rElec   .          Harm     .   (no cloak)
rCorr   .          Rampage  .   (no gloves)
Will    .....                   (no boots)
Stlth   ++........              (no amulet)
HPRegen 0.04/turn               (no ring)
MPRegen 0.08/turn               (no ring)

@: no status effects
A: small, no large weapons, nightstalker 3
a: Renounce Religion, Depart the Abyss


You were on level 3 of the Abyss.
You worshipped Lugonu.
Lugonu was aware of your devotion.
You visited 0 branches of the dungeon, and saw 0 of its levels.
You visited the Abyss 1 time.

You collected 34 gold pieces.


Innate Abilities, Weirdness & Mutations

You are small and have problems with some larger weapons.
You are completely attuned to the shadows.


   Skills:
 + Level 3.3 Fighting
 + Level 2.8 Short Blades
 - Level 0.9 Armour
 + Level 2.5 Dodging
 + Level 2.1 Invocations


You couldn't memorise any spells.
You didn't know any spells.
Your spell library was empty.

Inventory:

Hand Weapons
 a - a +1 short sword (weapon)
Missiles
 e - 16 stones
Armour
 b - a +0 leather armour (worn)
Scrolls
 c - a scroll of amnesia {unknown}
 d - a scroll of identify {unknown}
Potions
 f - a potion of attraction {unknown}

Dungeon Overview and Level Annotations

Branches:
Dungeon (0/15)

Altars:

......
#.#.###. .
##...#... # .
#..........#..
#..b.........
##..b#.....#
#..#.#...##
##b...##.#.
#.@.###...##
...#..# ##..
.. #..#..# ###
#.. #. #... .
.. #..#. #..


You could see 3 fire bats.


Message History

🤖 Initializing magus.rc ... ✅ Successfully initialized magus.rc [v1.9.10] Welcome, spiderkeys the Kobold Abyssal Knight.
They say the Orb of Zot lies within this dungeon, but they say a lot of things.
Lugonu says: Depart the Abyss and spread corruption, my servant! (use the ability menu to exit the Abyss) Press ? for a list of commands and other information.
Found a corrupted altar of Lugonu.
Found a gateway leading deeper into the Abyss.
There is a gateway leading deeper into the Abyss here.
You plunge deeper into the Abyss.
c - a scroll labelled DUSSAFI ZYOCH
d - a scroll labelled JEIDOVAEXE An ufetubus comes into view.
The ufetubus shouts!
You hit the ufetubus. The ufetubus barely misses you. x2
You hit the ufetubus. The ufetubus barely misses you.
The ufetubus closely misses you. The ufetubus misses you.
The ufetubus closely misses you.
You hit the ufetubus.
You kill the ufetubus!
e - 16 stones;
f - a bubbling purple potion A tentacled starspawn comes into view.
A tentacled starspawn is nearby!
A tentacle flies out from the starspawn's body!
A starspawn tentacle comes into view.
You see here a +0 chain mail.
You enter the shallow water.
Moving in this stuff is going to be slow.
A tentacle flies out from the starspawn's body!
A starspawn tentacle comes into view.
A raiju comes into view.
A tentacle flies out from the starspawn's body! 2 starspawn tentacles and 2 starspawn tentacle segments come into view.
The starspawn tentacle misses you. x2
A starspawn tentacle segment comes into view.
The raiju barks!
Unknown command.
Found a corrupted altar of Lugonu.
You see here a +0 morningstar.
You now have 34 gold pieces.
You enter the shallow water.
Moving in this stuff is going to be slow.
Found a gateway leading deeper into the Abyss.
There is a gateway leading deeper into the Abyss here.
You plunge deeper into the Abyss.
The abyssal rune of Zot can be found at this depth. 2 fire bats come into view.
A fire bat comes into view.
The fire bat bites you.
You are engulfed in flames.
* * * LOW HITPOINT WARNING * * *
😱 HP[-11]
You take 11 damage, and now have 3/14 hp.
MASSIVE DAMAGE!! (PAUSE)
The fire bat closely misses you. The fire bat barely misses you.
The fire bat bites you.
You die...

Action                   || total
-------------------------++-------
Melee: Short sword       ||     3
Dodge: Dodged            ||    10

Levels and vault maps discovered:
Abyss:3:  base: Temple, evilmike_abyss_rune_siren_acolytes

Notes
Turn   | Place    | Note
-------+----------+-------------------------------------------
     0 | Abyss:1  | spiderkeys the Kobold Abyssal Knight began the quest for
                  | the Orb.
     0 | Abyss:1  | Reached XP level 1. HP: 14/14 MP: 2/2
     0 | Abyss:1  | magus.rc [v1.9.10]
    51 | Abyss:2  | Noticed a tentacled starspawn
    83 | Abyss:2  | Noticed a raiju
    83 | Abyss:2  | Noticed a raiju
    87 | Abyss:2  | Found a corrupted altar of Lugonu.
   137 | Abyss:3  | Noticed a fire bat
   137 | Abyss:3  | Noticed a fire bat
   138 | Abyss:3  | Noticed a fire bat
   138 | Abyss:3  | HP: 3/14 [fire bat (6)]
   141 | Abyss:3  | Slain by a fire bat

Vanquished Creatures
  An ufetubus (Abyss:2)
1 creature vanquished.

Vanquished Creatures (others)
  10 starspawn tentacles (Abyss:2)
10 creatures vanquished.

Grand Total: 11 creatures vanquished

Table legend:
 A = Non-vault XP
 B = Vault XP
 C = Vault XP percentage of total XP
 D = Non-vault monster count
 E = Vault monster count
 F = Vault count percentage of total count
                 A         B        C        D         E       F
            +---------+---------+-------+---------+---------+-------
      Total |       8 |       0 |   0.0 |       1 |       0 |   0.0
            +---------+---------+-------+---------+---------+-------
    Abyss:2 |       8 |       0 |   0.0 |       1 |       0 |   0.0
            +---------+---------+-------+---------+---------+-------

Illustrated notes

Table legend:
 A = Kills in this place as a percentage of kills in entire the game.
 B = Kills by you in this place as a percentage of kills by you in the entire game.
 C = Kills by friends in this place as a percentage of kills by friends in the entire game.
 D = Other kills in this place as a percentage of other kills in the entire game.
 E = Experience gained in this place as a percentage of experience gained in the entire game.
 F = Experience gained in this place divided by the number of levels of this place that you have seen.
                   A       B       C       D       E      F
               +-------+-------+-------+-------+-------+----------------------
         Total | 100.0 | 100.0 |   N/A |   N/A | 100.0 |   2.7
         Abyss | 100.0 | 100.0 |   N/A |   N/A | 100.0 |   2.7
               +-------+-------+-------+-------+-------+----------------------

Table legend: (Time is in decaauts)
 A = Elapsed time spent in this place.
 B = Non-inter-level travel time spent in this place.
 C = Inter-level travel time spent in this place.
 D = Time resting spent in this place.
 E = Time spent auto-exploring this place.
 F = Levels seen in this place.
 G = Mean time per level.
                   A        B        C        D        E       F      G
               +--------+--------+--------+--------+--------+-----+--------+
         Total |    144 |    144 |      0 |      0 |     50 |   3 |   48.0 |
         Abyss |    144 |    144 |      0 |      0 |     50 |   3 |   48.0 |
               +--------+--------+--------+--------+--------+-----+--------+

Top non-repeatable levels by time:
 Abyss:2: 107 daAuts
 Abyss:3: 24 daAuts
 Abyss:1: 12 daAuts
